 Dungeon Crawl Stone Soup version 0.31-a0-1134-gb247575 (webtiles) character file.

Game seed: 6671013107105397853

57 PidgeyThePirate the Changeling (level 3, 0/26 HPs)
             Began as a Vampire Shapeshifter on Dec 5, 2023.
             Slain by an orc
             ... wielding a +0 hand axe
              (2 damage)
             ... on level 3 of the Dungeon.
             The game lasted 00:03:47 (1606 turns).

PidgeyThePirate the Changeling (VpSh)               Turns: 1606, Time: 00:03:47

Health: 0/26       AC:  2    Str: 15    XL:     3   Next: 73%
Magic:  3/3        EV: 12    Int: 12    God:
Gold:   123        SH:  0    Dex: 13    Spells: 2/2 levels left

rFire   . .          .
                       - Unarmed
rCold   + . .        (no shield)
rNeg    . . .        a - +0 animal skin
rPois   .            (helmet currently unavailable)
rElec   .            (cloak currently unavailable)
rCorr   .            (gloves currently unavailable)
SInv    +            (boots currently unavailable)
Will    .....        (no amulet)
Stlth   ++           i - ring of protection from cold
HPRegen 0.44/turn    (no ring)
MPRegen 0.08/turn

%: no passive effects
@: beast-form, healing quickly
A: beast (slay +2), alive, fangs 3, see invisible, vampiric 2
a: Exsanguinate, Begin Untransformation


You were on level 3 of the Dungeon.
You were a hulking beast.
You visited 1 branch of the dungeon, and saw 3 of its levels.

You collected 123 gold pieces.

Inventory:

Missiles
 n - a throwing net
Armour
 a - a +0 animal skin (worn)
Jewellery
 i - a ring of protection from cold (left hand)
Talismans
 c - a beast talisman
 d - a flux talisman
 e - a granite talisman
Scrolls
 g - a scroll of identify {unknown}
 j - a scroll of teleportation {unknown}
 k - a scroll of blinking {unknown}
 m - a scroll of torment {unknown}
Potions
 b - 2 potions of lignification
 f - a potion of curing {unknown}
 h - a potion of degeneration {unknown}
 l - a potion of resistance {unknown}


   Skills:
 + Level 1.1 Fighting
 + Level 2.3 Dodging
 + Level 0.9 Stealth
 + Level 4.1 Unarmed Combat
 * Level 4.1 Shapeshifting


You had 2 spell levels left.
You didn't know any spells.
Your spell library contained the following spells:

 Spells                   Type           Power      Damage    Failure   Level
 Slow                     Hex            0%         N/A       32%         1
 Confusing Touch          Hex            0%         N/A       69%         3
 Dazzling Flash           Conj/Hex       0%         N/A       69%         3
 Sigil of Binding         Hex            0%         N/A       69%         3
 Vampiric Draining        Necr           0%         2d6       69%         3
 Volatile Blastmotes      Fire/Tloc      0%         2d10      69%         3
 Alistair's Intoxication  Tmut/Pois      0%         N/A       100%        5
 Borgnjor's Vile Clutch   Necr/Erth      0%         N/A       100%        5
 Eringya's Noxious Bog    Tmut/Pois      0%         4d6       100%        6
 Starburst                Conj/Fire      0%         6d3       100%        6
 Maxwell's Capacitive Co  Air            0%         ∞         100%        8


Dungeon Overview and Level Annotations

Branches:
Dungeon (3/15)

Altars:
Xom

Shops:
D:1 =   D:2 =[?


Innate Abilities, Weirdness & Mutations

You are a hulking beast.
Your limbs bulge with bestial killing power. (Slay +2)
Your natural rate of healing is accelerated.
You have razor-sharp teeth.
You have supernaturally acute eyesight. (SInv)
You are afflicted with vampirism and can become a bat while bloodless.


Message History

The orc hits you but does no damage.
You see here a +0 club.
You hit the orc.
The orc is severely wounded.
The orc hits you with a +0 hand axe.
You barely miss the orc.
The orc is severely wounded.
A worm comes into view.
The orc hits you with a +0 war axe! The orc barely misses you.
You hit the orc but do no damage.
The orc is severely wounded.
The orc barely misses you. The orc hits you with a +0 war axe.
* * * LOW HITPOINT WARNING * * *
Things that are here:
a +0 club; a goblin corpse The orc barely misses you.
You hit the orc.
The orc is heavily wounded.
The orc hits you with a +0 war axe.
You hit the orc but do no damage.
The orc is heavily wounded.
You hit the orc. You bite the orc.
The orc is severely wounded.
You punch the orc!
You kill the orc!
You hit the orc.
The orc is almost dead.
The orc misses you.
You hit the orc but do no damage.
The orc is almost dead.
The orc hits you with a +0 war axe!
* * * LOW HITPOINT WARNING * * *
You barely miss the orc. Your bite misses the orc.
The orc is severely wounded.
You hit the orc.
You kill the orc!
The orc attacks as it pursues you! The orc hits you with a +0 hand axe.
* * * LOW HITPOINT WARNING * * *
The orc attacks as it pursues you! The orc hits you with a +0 hand axe.
You die...

############# ##.....#.....# ###
##....)........ #.#
#.....)..).....
#.#########........).....
#..).).o.##..............
#.######h.#..............
#.#######................
########........(.#.............
.................^.(..........).
########o..................>....
#............#............ .
#................#........
...####..............####.##...#
#....................# .........


You could see an orc.

Vanquished Creatures
  An adder (D:2)
  A dart slug (D:2)
  3 orcs (D:3)
  6 bats (D:1)
  3 endoplasms (D:1)
  3 giant cockroaches
  6 goblins
  2 hobgoblins (D:1)
  3 kobolds
  2 quokkas
  3 ball pythons
  A frilled lizard (D:2)
  5 rats
39 creatures vanquished.

Notes
Turn   | Place    | Note
-------+----------+-------------------------------------------
     0 | D:1      | PidgeyThePirate the Vampire Shapeshifter began the quest
                  | for the Orb.
     0 | D:1      | Reached XP level 1. HP: 14/14 MP: 1/1
   188 | D:1      | Reached XP level 2. HP: 17/20 MP: 2/2
   769 | D:1      | Found Eploar's Jewellery Boutique.
  1059 | D:2      | Found Ecluth's Jewellery Shop.
  1094 | D:2      | Found a shimmering altar of Xom.
  1122 | D:2      | Gained mutation: You are afflicted with vampirism and can
                  | become a bat while bloodless. [Vampire growth]
  1122 | D:2      | Reached XP level 3. HP: 25/25 MP: 3/3
  1167 | D:2      | Reached skill level 1 in Fighting
  1180 | D:2      | Found Nefiy's Armour Shoppe.
  1224 | D:2      | Found Fyithra's Magic Scroll Emporium.
  1605 | D:3      | HP: 1/26 [orc/+0 hand axe (6)]
  1606 | D:3      | Slain by an orc

Illustrated notes

Levels and vault maps discovered:
D:1:      dpeg_arrival_lava_altar, layout_basic, serial_shops,
          nicolae_shop_real_fake_doors
D:2:      layout_rooms, basic_altar, serial_shops,
          nicolae_shop_advertising_works [nicolae_subvault_shop_adworks], shop,
          shop, minmay_hedge_maze
D:3:      layout_rooms, chequers_ecumenical_altar_lobes, minmay_fountain_box,
          minmay_close_crescents

Skill      XL: |  1  2  3 |
---------------+----------+-----
Fighting       | 1 |  1.1
Shapeshifting  | 4 |  4.1
Unarmed Combat | 4 |  4.1
Dodging        | |  2.3
Stealth        | |  0.9

Action                     || total
---------------------------++-------
  Melee: Unarmed           ||    85
         Bite              ||     6
         Punch             ||     2
 Armour: Animal skin       ||    51
  Dodge: Dodged            ||    69

Table legend: (Time is in decaauts)
 A = Elapsed time spent in this place.
 B = Non-inter-level travel time spent in this place.
 C = Inter-level travel time spent in this place.
 D = Time resting spent in this place.
 E = Time spent auto-exploring this place.
 F = Levels seen in this place.
 G = Mean time per level.
                   A        B        C        D        E       F      G
               +--------+--------+--------+--------+--------+-----+--------+
         Total |   1598 |   1546 |     52 |      0 |   1225 |   3 |  532.7 |
       Dungeon |   1598 |   1546 |     52 |      0 |   1225 |   3 |  532.7 |
               +--------+--------+--------+--------+--------+-----+--------+

Top non-repeatable levels by time:
     D:1: 1043 daAuts
     D:2: 459 daAuts
     D:3: 96 daAuts
